 Dungeon Crawl Stone Soup version 0.30.1-3-gfc49f6343a (webtiles) character file.

Game seed: 3914219313083975985

52 KyoPewz the Cudgeller (level 3, 0/36 HPs)
             Began as an Ogre Gladiator on Aug 3, 2023.
             Slain by an orc wizard
             ... wielding a +4 dagger
              (2 damage)
             ... on level 2 of the Dungeon.
             The game lasted 00:01:45 (1081 turns).

KyoPewz the Cudgeller (Ogre Gladiator)              Turns: 1081, Time: 00:01:46

Health: 0/36       AC:  3    Str: 20    XL:     3   Next: 85%
Magic:  3/3        EV: 10    Int:  9    God:
Gold:   44         SH:  0    Dex: 10    Spells: 2/2 levels left

rFire   . . .        a - +0 flail
rCold   . . .        (no shield)
rNeg    . . .        b - +0 robe
rPois   .            c - +0 hat
rElec   .            (no cloak)
rCorr   .            (gloves unavailable)
SInv    .            (boots unavailable)
Will    .....        (no amulet)
Stlth   +            (no ring)
HPRegen 0.26/turn    (no ring)
MPRegen 0.08/turn

%: no passive effects
@: no status effects
A: large, unfitting armour, tough skin 1
a: no special abilities


You were on level 2 of the Dungeon.
You visited 1 branch of the dungeon, and saw 2 of its levels.

You collected 44 gold pieces.

Inventory:

Hand Weapons
 a - a +0 flail (weapon)
Missiles
 d - 3 throwing nets (quivered)
 g - 5 stones
 m - 4 silver javelins
Armour
 b - a +0 robe (worn)
 c - a +0 hat (worn)
Scrolls
 h - 3 scrolls of enchant armour {unknown}
 j - a scroll of teleportation {unknown}
 n - a scroll of noise {unknown}
Potions
 f - a potion of berserk rage {unknown}
 i - a potion of mutation {unknown}
 k - a potion of might {unknown}
 l - a potion of magic {unknown}
 o - 2 potions of haste {unknown}
 p - a potion of curing {unknown}
 q - a potion of resistance {unknown}


   Skills:
 - Level 2.6 Fighting
 + Level 4.2 Maces & Flails
 - Level 2.0 Throwing
 - Level 2.6 Dodging


You had 2 spell levels left.
You didn't know any spells.
Your spell library was empty.

Dungeon Overview and Level Annotations

Branches:
Dungeon (2/15)

Altars:


Innate Abilities, Weirdness & Mutations

You are too large for most types of armour.
You have tough skin. (AC +1)


Message History

You closely miss something. Something hits you.
* * * LOW HITPOINT WARNING * * *
You take 1 damage, and have 8/36 hp.
You bump into the rock wall.
Something hits you.
* * * LOW HITPOINT WARNING * * *
You barely miss something.
You feel less confused. Something hits you but does no damage.
You hear some strange, mumbled words.
A magic dart appears from out of thin air!
The magic dart hits you.
* * * LOW HITPOINT WARNING * * *
You take 3 damage, and have 5/36 hp.
You hit something. Something hits you but does no damage.
Throw: large rock
Press: ? - help, Shift-Dir - straight line, f - orc wizard
Aim: an orc wizard, wielding a +4 dagger and wearing a +0 robe (50% to hit)
You throw a large rock. The large rock hits the orc wizard!
The orc wizard is severely wounded.
Something completely misses you.
The orc wizard gestures at you while chanting. x2
The magic dart hits something.
Something hits you.
* * * LOW HITPOINT WARNING * * *
You closely miss something.
Something barely misses the orc.
Reactivating autopickup.
You feel a bit more experienced.
The orc wizard casts a spell.
The orc wizard flickers and vanishes!
Deactivating autopickup; reactivate with Ctrl-A.
You barely miss the orc. You hit something but do no damage.
You miss something. Something hits you.
* * * LOW HITPOINT WARNING * * *
You take 3 damage, and have 3/36 hp.
You barely miss something. Something hits you but does no damage.
Something hits you.
* * * LOW HITPOINT WARNING * * *
You take 2 damage, and have 1/36 hp.
You hit something. Something hits you.
You die... >...!.#..### ..... ##...# .o.. ###.# .oo

#.## .. #.†# .
##.## #..#
##############.##
#...)......@{o..#
#.###########o#.#
#.# #+#..# #.#
...# #.# .#.# #.#
.#.# ######.#
.... .....#.# .#
#. .....'.#


You could see 2 orcs.

Vanquished Creatures
  2 bats (D:1)
  An endoplasm (D:1)
  A giant cockroach (D:1)
  A goblin (D:1)
  3 hobgoblins (D:1)
  5 jackals (D:1)
  A quokka (D:2)
  4 ball pythons
  5 frilled lizards (D:1)
  5 kobolds (D:1)
  6 rats (D:1)
34 creatures vanquished.

Vanquished Creatures (others)
  An orc wizard (D:2)
1 creature vanquished.

Grand Total: 35 creatures vanquished

Notes
Turn   | Place    | Note
-------+----------+-------------------------------------------
     0 | D:1      | KyoPewz the Ogre Gladiator began the quest for the Orb.
     0 | D:1      | Reached XP level 1. HP: 22/22 MP: 1/1
    51 | D:1      | HP: 1/22 [kobold/+0 short sword (2)]
    55 | D:1      | Reached skill level 3 in Maces & Flails
   156 | D:1      | Reached XP level 2. HP: 29/29 MP: 2/2
   537 | D:1      | Reached XP level 3. HP: 32/36 MP: 3/3
   997 | D:2      | Reached skill level 4 in Maces & Flails
  1080 | D:2      | HP: 1/36 [something (2)]
  1081 | D:2      | Slain by an orc wizard

Illustrated notes

Levels and vault maps discovered:
D:1:      dpeg_arrival_short_road, layout_loops_cross
D:2:      layout_basic, serial_rivers, chequers_serial_rivers_small_a,
          chequers_serial_rivers_micro_d, chequers_serial_rivers_micro_c,
          chequers_serial_rivers_micro_e, minmay_misc_feat_columns, uniq_jessica

Skill      XL: |  1  2  3 |
---------------+----------+-----
Maces & Flails | 3 4 |  4.2
Fighting       | |  2.6
Throwing       | |  2.0
Dodging        | |  2.6

Action                     || total
---------------------------++-------
  Melee: Flail             ||   134
         Punch             ||     1
  Throw: Large rock        ||     1
 Armour: Robe              ||    57
  Dodge: Dodged            ||    77
